 Dungeon Crawl Stone Soup version 0.31-a0-37-g98a128e1d9 (webtiles) character file.

Game seed: 10773857012930691686

147 pk666 the Magician (level 5, 0/28 HPs)
             Began as a Deep Elf Fire Elementalist on May 16, 2023.
             Killed by divine providence
             ... invoked by an orc priest
              (12 damage)
             ... on level 3 of the Dungeon.
             The game lasted 00:04:18 (3348 turns).

pk666 the Magician (Deep Elf Fire Elementalist)     Turns: 3348, Time: 00:04:19

Health: 0/28       AC:  3    Str:  5    XL:     5   Next: 8%
Magic:  6/13       EV: 18    Int: 22    God:
Gold:   95         SH:  5    Dex: 15    Spells: 9/12 levels left

rFire   . . .        k - +1 dagger (flame)
rCold   . . .        (no shield)
rNeg    . . .        a - +0 robe
rPois   .            (no helmet)
rElec   .            (no cloak)
rCorr   .            i - +0 pair of gloves
SInv    .            (no boots)
Will    +....        t - amulet of reflection
Stlth   ++           j - ring of willpower
HPRegen 0.24/turn    l - +5 ring of evasion
MPRegen 0.13/turn

%: reflection
@: no status effects
A: no striking features
a: no special abilities


You were on level 3 of the Dungeon.
You visited 1 branch of the dungeon, and saw 3 of its levels.

You collected 95 gold pieces.

Inventory:

Hand Weapons
 k - a +1 dagger of flaming (weapon)
Armour
 a - a +0 robe (worn)
 i - a +0 pair of gloves (worn)
Jewellery
 j - a ring of willpower (left hand)
 l - a +5 ring of evasion (right hand)
 n - a ring of positive energy
 t - an amulet of reflection (around neck)
Scrolls
 d - 2 scrolls of teleportation {unknown}
 f - 2 scrolls of fog {unknown}
 h - a scroll of fear {unknown}
 m - a scroll of poison {unknown}
 p - a scroll of magic mapping {unknown}
 q - a scroll of immolation {unknown}
 r - a scroll of identify {unknown}
 s - a scroll of noise {unknown}
Potions
 b - a potion of magic
 c - 2 potions of heal wounds {unknown}
 e - a potion of invisibility {unknown}
 g - a potion of brilliance {unknown}
 o - a potion of haste {unknown}


   Skills:
 + Level 3.7 Dodging
 - Level 2.4 Stealth
 + Level 4.4 Spellcasting
 + Level 2.7 Conjurations
 + Level 4.3 Fire Magic


You had 9 spell levels left.
You knew the following spells:

 Your Spells              Type           Power      Damage    Failure   Level
a - Foxfire               Conj/Fire      80%        2x1d8     2%          1
b - Scorch                Fire           46%        2d7       2%          2

Your spell library contained the following spells:

 Spells                   Type           Power      Damage    Failure   Level
 Static Discharge         Conj/Air       20%        2-3/arc   10%         2
 Apportation              Tloc           8%         N/A       11%         1
 Inner Flame              Hex/Fire       14%        N/A       13%         3
 Volatile Blastmotes      Fire/Tloc      28%        2d12      13%         3
 Flame Wave               Conj/Fire      20%        2d7       26%         4
 Airstrike                Air            2%         2d(1-17)  71%         4
 Leda's Liquefaction      Hex/Erth       2%         N/A       71%         4
 Summon Lightning Spire   Summ/Air       4%         N/A       71%         4
 Alistair's Intoxication  Tmut/Pois      2%         N/A       96%         5
 Borgnjor's Revivificati  Necr           2%         N/A       100%        8
 Necromutation            Tmut/Necr      2%         N/A       100%        8


Dungeon Overview and Level Annotations

Branches:
Dungeon (3/15)

Altars:
Sif Muna


Message History

You block the boomerang with an invisible shield... and reflect it back!
The boomerang barely misses the orc.
Casting: Foxfire (safe; 2% risk of failure)
Confirm with . or Enter, or press ? or * to list all spells.
You conjure some foxfire!
The foxfire hits the orc.
The orc is heavily wounded.
An orc priest comes into view. It is wielding a +0 short sword.
Casting: Foxfire (safe; 2% risk of failure)
Confirm with . or Enter, or press ? or * to list all spells.
You conjure some foxfire!
The foxfire hits the orc.
The orc is severely wounded.
The orc throws a boomerang.
The boomerang closely misses you.
The orc throws a boomerang.
The boomerang completely misses you.
Casting: Foxfire (safe; 2% risk of failure)
Confirm with . or Enter, or press ? or * to list all spells.
You conjure some foxfire!
The orc throws a boomerang.
The boomerang closely misses you.
The foxfire hits the orc.
You kill the orc!
Casting: Foxfire (safe; 2% risk of failure)
Confirm with . or Enter, or press ? or * to list all spells.
You conjure some foxfire!
The orc priest looks encouraged for a moment.
Casting: Foxfire (safe; 2% risk of failure)
Confirm with . or Enter, or press ? or * to list all spells.
You conjure some foxfire!
The orc priest misses you.
Casting: Foxfire (safe; 2% risk of failure)
Confirm with . or Enter, or press ? or * to list all spells.
You conjure some foxfire!
The orc priest hits you with a +0 short sword.
The orc priest calls down the wrath of Beogh upon you.
Beogh smites you!
Casting: Foxfire (safe; 2% risk of failure)
Confirm with . or Enter, or press ? or * to list all spells.
You conjure some foxfire!
The orc priest calls down the wrath of Beogh upon you.
Beogh smites you!
You die...

##+##### #.# #.#.### #......# #.#
#.#...########## #......# #.#
#.###...........
#......###.######.#...######.#.#
#.......##.##.......#.######.#.#
##.......##.##.#######.#......#.#
...................###.#.######..
##.._..####..PP.Pv...#.#.# ###
...)........)..o@v...#.#.#
.#.....>....##.##....#.#.#
.#############.##....#.#.########
.# #...........+....'.#.##...).)
.# #.........###....###.##.#####
.# #...†............# #....# .#
##.............#### ########## .#
#...............# #...... .#
#...............# #.#####


You could see an orc priest (ally target).

Vanquished Creatures
  An orc wizard (D:3)
  A gnoll (D:1)
  4 adders (D:2)
  2 dart slugs
  3 orcs (D:3)
  3 endoplasms
  3 giant cockroaches
  12 goblins
  4 hobgoblins
  4 jackals (D:1)
  3 quokkas
  4 ball pythons
  8 bats
  A frilled lizard (D:1)
  8 kobolds
  5 rats
66 creatures vanquished.

Vanquished Creatures (collateral kills)
  11 foxfires (D:3)
11 creatures vanquished.

Vanquished Creatures (others)
  218 foxfires
218 creatures vanquished.

Grand Total: 295 creatures vanquished

Notes
Turn   | Place    | Note
-------+----------+-------------------------------------------
     0 | D:1      | pk666 the Deep Elf Fire Elementalist began the quest for
                  | the Orb.
     0 | D:1      | Reached XP level 1. HP: 10/10 MP: 6/6
   286 | D:1      | Reached XP level 2. HP: 13/15 MP: 1/8
   544 | D:1      | Learned a level 2 spell: Scorch
   800 | D:1      | Reached XP level 3. HP: 16/19 MP: 6/10
  1812 | D:2      | Reached XP level 4. HP: 24/24 MP: 6/11
  2891 | D:3      | Got the Exposition on the Metallic Crypt
  2951 | D:3      | Found a shimmering blue altar of Sif Muna.
  3016 | D:3      | Identified the +5 spear of Youthful Indiscretion {elec,
                  | Fragile Fly rN++ Str+3}
  3199 | D:3      | Reached XP level 5. HP: 17/28 MP: 7/13
  3348 | D:3      | Killed from afar by an orc priest

Illustrated notes

Levels and vault maps discovered:
D:1:      dpeg_arrival_circle_labyrinth_b, layout_basic
D:2:      layout_loops_corners, glass_columns_b, minmay_three_crescents
D:3:      minmay_chambers_of_twos, layout_basic, mainiacjoe_overflow_boulevard,
          nicolae_ashenzari_skybound

Skill      XL: |  1  2  3  4 |
---------------+-------------+-----
Dodging        | 3 |  3.7
Conjurations   | 2 |  2.7
Spellcasting   | 4 |  4.4
Fire Magic     | 4 |  4.3
Stealth        | |  2.4

Action                     |  1- 3 |  4- 6 || total
---------------------------+-------+-------++-------
  Melee: Dagger            |       |     5 ||     5
   Cast: Foxfire           |    81 |    70 ||   151
 Armour: Robe              |     3 |     5 ||     8
  Dodge: Dodged            |    16 |    19 ||    35
  Block: Other             |       |     4 ||     4
         Reflection        |       |     1 ||     1

Table legend: (Time is in decaauts)
 A = Elapsed time spent in this place.
 B = Non-inter-level travel time spent in this place.
 C = Inter-level travel time spent in this place.
 D = Time resting spent in this place.
 E = Time spent auto-exploring this place.
 F = Levels seen in this place.
 G = Mean time per level.
                   A        B        C        D        E       F      G
               +--------+--------+--------+--------+--------+-----+--------+
         Total |   3346 |   3243 |    103 |    128 |   2620 |   3 | 1115.3 |
       Dungeon |   3346 |   3243 |    103 |    128 |   2620 |   3 | 1115.3 |
               +--------+--------+--------+--------+--------+-----+--------+

Top non-repeatable levels by time:
     D:1: 1554 daAuts
     D:2: 1215 daAuts
     D:3: 576 daAuts
